 Dungeon Crawl Stone Soup version 0.31-a0-210-gccc998df9b (webtiles) character file.

Game seed: 9811417067645422509

97 Adrian566 the Slasher (level 4, -1/51 HPs)
             Began as a Demonspawn Gladiator on June 29, 2023.
             Succumbed to an orc wizard's poison
             ... on level 3 of the Dungeon.
             The game lasted 00:01:47 (1997 turns).

Adrian566 the Slasher (Demonspawn Gladiator)        Turns: 1997, Time: 00:01:47

Health: -1/51      AC: 22    Str: 14    XL:     4   Next: 42%
Magic:  4/4        EV:  2    Int: 10    God:
Gold:   186        SH:  0    Dex: 16    Spells: 3/3 levels left

rFire   . . .        a - +0 long sword (flame)
rCold   . . .        (no shield)
rNeg    . . .        b - melded +0 leather armour
rPois   +            (helmet currently unavailable)
rElec   .            f - melded +0 cloak
rCorr   .            (gloves currently unavailable)
SInv    .            (boots currently unavailable)
Will    .....        (no amulet)
Stlth   ++           j - +5 ring of evasion
HPRegen 0.28/turn    (no ring)
MPRegen 0.09/turn

%: no passive effects
@: lethally poisoned (-1 -> -19), tree-form
A: stationary, stasis, torment immunity, boosted hp, (horns 1), foul stench 1
a: no special abilities


You were on level 3 of the Dungeon.
You were a tree.
You visited 1 branch of the dungeon, and saw 3 of its levels.

You collected 186 gold pieces.

Inventory:

Hand Weapons
 a - a +0 long sword of flaming (weapon)
Missiles
 d - 3 throwing nets (quivered)
 e - 4 javelins
Armour
 b - a +0 leather armour (melded)
 f - a +0 cloak (melded)
Jewellery
 j - a +5 ring of evasion (left branch)
Wands
 n - a wand of digging (1)
 r - a wand of charming (5)
 s - a wand of polymorph (9)
Scrolls
 c - a scroll of enchant armour {unknown}
 k - a scroll of enchant weapon {unknown}
 m - 2 scrolls of teleportation {unknown}
 p - 2 scrolls of identify {unknown}
 q - a scroll of blinking {unknown}
Potions
 i - a potion of invisibility
 l - a potion of degeneration {unknown}
 o - a potion of enlightenment {unknown}
 t - a potion of berserk rage {unknown}
 u - a potion of heal wounds {unknown}


   Skills:
 + Level 2.4 Fighting
 + Level 3.6 Long Blades
 + Level 1.9 Throwing
 + Level 1.2 Armour
 + Level 3.2 Dodging
 + Level 0.5 Stealth


You had 3 spell levels left.
You didn't know any spells.
Your spell library contained the following spells:

 Spells                   Type           Power      Damage    Failure   Level
 Dazzling Flash           Conj/Hex       0%         N/A       75%         3
 Agony                    Necr           0%         N/A       100%        5
 Silence                  Hex/Air        0%         N/A       100%        5


Dungeon Overview and Level Annotations

Branches:
Dungeon (3/15)

Altars:


Innate Abilities, Weirdness & Mutations

You are a tree.
Your roots penetrate the ground, keeping you stationary.
You cannot be teleported.
You are immune to unholy pain and torment.
Your maximum health is greatly increased.
Your equipment is partially melded.
((You have a pair of small horns on your head.))
You may rarely emit foul miasma when damaged in melee.


Message History

The adder barely misses you. The adder closely misses you.
You slash the adder! You burn the adder.
You kill the adder!
You slash the orc! You burn the orc.
You kill the orc!
You closely miss something. Your headbutt misses something.
Something hits you but does no damage.
You are poisoned.
You hear some strange, mumbled words.
Something tries to affect you, but you resist.
You closely miss something. Your headbutt misses something.
You feel sick. Something barely misses you.
You closely miss something.
You feel sick. Something hits you but does no damage.
You are more poisoned.
You barely miss something.
You feel very sick. Something hits you but does no damage.
You are more poisoned.
You barely miss something. Your headbutt misses something.
You feel very sick. Something hits you.
You are lethally poisoned!
You closely miss something.
* * * LOW HITPOINT WARNING * * *
You feel very sick. Something hits you but does no damage.
You are more poisoned.
Something hits you.
* * * LOW HITPOINT WARNING * * *
It was a potion of lignification.
You turn into a tree.
Your +0 cloak melds into your body.
Your +0 leather armour melds into your body.
Your roots penetrate the ground.
* * * LOW HITPOINT WARNING * * *
You feel very sick. Something hits you.
* * * LOW HITPOINT WARNING * * *
It was a potion of magic.
Magic courses through your body.
You die...

...##.........#
##.##.........####
#..'.........'.>#
####.........##.#
#.........##.#
#.........##.# *
#.........##.# *
#.........##.# **
############♣# ,***
****#{#***** ,,,****
#...=o.....#
**,,,,*****#..........#
,,,,,,,,,.............#
**,,,,***##...[.......#
,,,**** ##..........#
,*** #..........# **
*###..........#****


You could see an orc.

Vanquished Creatures
  A gnoll (D:1)
  3 adders
  2 dart slugs (D:2)
  2 orcs (D:3)
  3 ball pythons
  6 endoplasms
  A giant cockroach (D:1)
  8 goblins
  5 hobgoblins
  3 quokkas
  10 bats
  4 frilled lizards
  6 kobolds
  A rat (D:2)
55 creatures vanquished.

Notes
Turn   | Place    | Note
-------+----------+-------------------------------------------
     0 | D:1      | Adrian566 the Demonspawn Gladiator began the quest for the
                  | Orb.
     0 | D:1      | Reached XP level 1. HP: 16/16 MP: 1/1
   131 | D:1      | Gained mutation: You may rarely emit foul miasma when
                  | damaged in melee. [demonic ancestry]
   131 | D:1      | Reached XP level 2. HP: 3/22 MP: 2/2
   397 | D:1      | Gained mutation: You have a pair of small horns on your
                  | head. [demonic ancestry]
   397 | D:1      | Reached XP level 3. HP: 27/27 MP: 3/3
  1328 | D:2      | Reached skill level 1 in Armour
  1364 | D:2      | Reached XP level 4. HP: 34/34 MP: 4/4
  1997 | D:3      | Succumbed to an orc wizard's poison

Illustrated notes

Levels and vault maps discovered:
D:1:      spicycebolla_arrival_ecumenical, layout_loops_cross
D:2:      layout_basic, nicolae_concentric_dashed_squares_mild,
          minmay_tree_intersection, roderic_lattice_a, st_stairs_6
D:3:      minmay_general_purpose_star, layout_basic,
          chequers_serial_rivers_micro_a

Skill      XL: |  1  2  3 |
---------------+----------+-----
Long Blades    | 3 |  3.6
Dodging        | 3 |  3.2
Armour         | 1 |  1.2
Fighting       | |  2.4
Throwing       | |  1.9
Stealth        | |  0.5

Action                     |  1- 3 |  4- 6 || total
---------------------------+-------+-------++-------
  Melee: Long sword        |    90 |    26 ||   116
         Punch             |     1 |       ||     1
         Headbutt          |     3 |     2 ||     5
    Use: Scroll            |       |     4 ||     4
         Potion            |       |     2 ||     2
   Stab: Sleeping          |     2 |       ||     2
 Armour: Leather armour    |    19 |     8 ||    27
  Dodge: Dodged            |    70 |    22 ||    92

Table legend: (Time is in decaauts)
 A = Elapsed time spent in this place.
 B = Non-inter-level travel time spent in this place.
 C = Inter-level travel time spent in this place.
 D = Time resting spent in this place.
 E = Time spent auto-exploring this place.
 F = Levels seen in this place.
 G = Mean time per level.
                   A        B        C        D        E       F      G
               +--------+--------+--------+--------+--------+-----+--------+
         Total |   2024 |   1984 |     40 |      0 |   1638 |   3 |  674.7 |
       Dungeon |   2024 |   1984 |     40 |      0 |   1638 |   3 |  674.7 |
               +--------+--------+--------+--------+--------+-----+--------+

Top non-repeatable levels by time:
     D:2: 909 daAuts
     D:1: 797 daAuts
     D:3: 317 daAuts
